 Dungeon Crawl Stone Soup version 0.27-a0-797-g27d10ad80f (webtiles) character file.

Game seed: 17270754678397825435

98 polve the Chopper (level 4, -1/35 HPs)
             Began as a Demonspawn Abyssal Knight on Mar 27, 2021.
             Was a Follower of Lugonu.
             Slain by Grinder (3 damage)
             ... on level 3 of the Dungeon.
             The game lasted 00:03:04 (2488 turns).

polve the Chopper (Demonspawn Abyssal Knight)       Turns: 2488, Time: 00:03:04

Health: -1/35      AC:  6    Str: 13    XL:     4   Next: 43%
Magic:  5/5        EV: 11    Int: 13    God:    Lugonu [*.....]
Gold:   1210       SH:  0    Dex: 13    Spells: 3/3 levels left

rFire    . . .     SeeInvis .   g - +0 broad axe
rCold    . . .     Faith    .   (no shield)
rNeg     . . .     Spirit   .   b - +1 leather armour
rPois    .         Reflect  .   (no helmet)
rElec    .         Harm     .   (no cloak)
rCorr    .         Rampage  .   (no gloves)
Will     .....                  (no boots)
Stlth    +.........             e - amulet of the acrobat
HPRegen  0.11/turn              (no ring)
MPRegen  0.09/turn              (no ring)

@: hasted, very quick
A: thin metallic scales 1, foul stench 1
a: Renounce Religion, Depart the Abyss


You were on level 3 of the Dungeon.
You worshipped Lugonu.
Lugonu was aware of your devotion.
You visited 1 branch of the dungeon, and saw 3 of its levels.
You visited the Abyss 1 time.

You collected 1210 gold pieces.

Inventory:

Hand Weapons
 g - a +0 broad axe (weapon)
Armour
 b - a +1 leather armour (worn)
Jewellery
 a - a ring of fire
 e - an amulet of the acrobat (around neck)
Wands
 f - a wand of mindburst (5)
Scrolls
 d - a scroll of amnesia {unknown}
 i - a scroll of fog {unknown}
Potions
 h - a potion of mutation


   Skills:
 - Level 3.0 Fighting
 - Level 1.7 Long Blades
 + Level 3.7 Axes
 - Level 1.7 Armour
 - Level 0.8 Dodging
 - Level 2.4 Invocations


You had 3 spell levels left.
You didn't know any spells.
Your spell library was empty.

Dungeon Overview and Level Annotations

Branches:
Dungeon (3/15)

Altars:

Annotations:
D:3 Grinder


Innate Abilities, Weirdness & Mutations

You are partially covered in thin metallic scales. (AC +2)
You may rarely emit foul miasma when damaged in melee.


Message History

Grinder gestures at you. You resist with significant effort.
You slash Grinder!
Grinder is heavily wounded.
Grinder hits you!
* * * LOW HITPOINT WARNING * * *
You writhe in agony.
* * * LOW HITPOINT WARNING * * *
You feel better. Grinder gestures at you. Pain shoots through your body!
* * * LOW HITPOINT WARNING * * *
You feel better.
You hit Grinder but do no damage.
Grinder is heavily wounded.
Grinder hits you.
* * * LOW HITPOINT WARNING * * *
You writhe in agony.
* * * LOW HITPOINT WARNING * * *
Okay, then.
You closely miss Grinder.
Grinder is heavily wounded.
Grinder closely misses you.
You closely miss Grinder.
Grinder is heavily wounded.
Grinder blinks!
A jackal comes into view.
The jackal barks!
Grinder gestures at you.
You suddenly lose the ability to move!
A jackal comes into view.
The jackal barks!
The jackal bites you but does no damage. x4
You can move again.
You closely miss Grinder.
Grinder is heavily wounded.
You completely miss the jackal. Grinder hits you.
* * * LOW HITPOINT WARNING * * *
You writhe in agony.
You die...

.........##### .............#
######### ........####.#
#.......# ..†..........#
#.......#######
..##.........#####..............
..##.#..#........+..............
####....#...######..(..)........
#......#.#.######.....†........
#......#>.....5@hh...........##
##.†....##########...?###.....#
........# #....# .....#
........# ####..# .5...#
........# ##.# ....".. .......##
..######.. ....#### #.# .. ....#
.. ...## .#


You could see Grinder and 2 jackals.

Vanquished Creatures
  5 adders
  A worm (D:2)
  A dart slug (D:1)
  6 ball pythons
  2 endoplasms
  A giant cockroach (D:2)
  5 goblins
  2 hobgoblins (D:1)
  6 jackals
  A quokka (D:1)
  2 bats (D:1)
  6 frilled lizards
  7 kobolds
  5 rats
50 creatures vanquished.

Notes
Turn   | Place    | Note
-------+----------+-------------------------------------------
     0 | Abyss:1  | polve the Demonspawn Abyssal Knight began the quest for the
                  | Orb.
     0 | Abyss:1  | Reached XP level 1. HP: 18/18 MP: 2/2
    19 | Abyss:2  | Found a corrupted altar of Lugonu.
   116 | Abyss:3  | Noticed a smoke demon
   119 | D:1      | Escaped the Abyss
   297 | D:1      | Reached skill level 1 in Axes
   504 | D:1      | Gained mutation: You are partially covered in thin metallic
                  | scales. (AC +2) [demonic ancestry]
   504 | D:1      | Reached XP level 2. HP: 24/24 MP: 3/3
   717 | D:1      | Reached * piety under Lugonu
   722 | D:1      | Identified a scroll of acquirement
   722 | D:1      | Acquired 1000 gold pieces
  1211 | D:1      | Gained mutation: You may rarely emit foul miasma when
                  | damaged in melee. [demonic ancestry]
  1211 | D:1      | Reached XP level 3. HP: 19/29 MP: 4/4
  2012 | D:2      | Reached XP level 4. HP: 30/35 MP: 5/5
  2449 | D:3      | Noticed Grinder
  2469 | D:3      | Paralysed by Grinder for 3 turns
  2482 | D:3      | Paralysed by Grinder for 5 turns
  2488 | D:3      | Slain by Grinder

Illustrated notes

Levels and vault maps discovered:
D:1:      onia_arrival_mini_spirals, layout_loops_cross
D:2:      layout_loops_ring, grunt_ministairs_15
D:3:      layout_basic, serial_shops, shop, uniq_grinder

Skill      XL: |  1  2  3 |
---------------+----------+-----
Axes           | 1 2 3 |  3.7
Fighting       | |  3.0
Long Blades    | |  1.7
Armour         | |  1.7
Dodging        | |  0.8
Invocations    | |  2.4

Action                   |  1- 3 |  4- 6 || total
-------------------------+-------+-------++-------
Melee: Broad axe         |   108 |    38 ||   146
Invok: Depart the Abyss  |     1 |       ||     1
  Use: Scroll            |     4 |       ||     4
       Potion            |     3 |     3 ||     6
Armor: Leather armour    |    54 |    16 ||    70
Dodge: Dodged            |    98 |    32 ||   130

Table legend: (Time is in decaauts)
 A = Elapsed time spent in this place.
 B = Non-inter-level travel time spent in this place.
 C = Inter-level travel time spent in this place.
 D = Time resting spent in this place.
 E = Time spent auto-exploring this place.
 F = Levels seen in this place.
 G = Mean time per level.
                   A        B        C        D        E       F      G
               +--------+--------+--------+--------+--------+-----+--------+
         Total |   2529 |   2480 |     49 |      0 |   2077 |   6 |  421.5 |
       Dungeon |   2410 |   2361 |     49 |      0 |   1992 |   3 |  803.3 |
         Abyss |    118 |    118 |      0 |      0 |     85 |   3 |   39.3 |
               +--------+--------+--------+--------+--------+-----+--------+

Top non-repeatable levels by time:
     D:1: 1305 daAuts
     D:2: 962 daAuts
     D:3: 142 daAuts
 Abyss:3: 82 daAuts
 Abyss:1: 18 daAuts
 Abyss:2: 17 daAuts
